 Dungeon Crawl Stone Soup version 0.19.0-24-gb05acd6 (webtiles) character file.

38 Kikal the Chiller (level 3, 0/14 HPs)
             Began as a Felid Ice Elementalist on Nov 21, 2016.
             Killed by divine providence
             ... invoked by an orc priest
              (14 damage)
             ... on level 3 of the Dungeon.
             The game lasted 00:11:26 (2924 turns).

Kikal the Chiller (Felid Ice Elementalist)          Turns: 2924, Time: 00:11:27

Health: 0/14       AC:  1    Str:  4    XL:     3   Next: 25%
Magic:  3/7        EV: 18    Int: 17    God:
Gold:   88         SH:  0    Dex: 16    Spells: 3 memorised, 0 levels left
                                        Lives:  0   Deaths: 1

rFire  . . .     SeeInvis +     (weapon unavailable)
rCold  . . .     Gourm    .     (armour unavailable)
rNeg   . . .     Faith    .     (shield unavailable)
rPois  .         Spirit   .     (helmet unavailable)
rElec  .         Reflect  .     (cloak unavailable)
rCorr  .         Harm     .     (gloves unavailable)
MR     .....                    (boots unavailable)
Stlth  +++.......               (no amulet)
                                (no ring)
                                (no ring)

@: quick
A: no armour, no weapons or thrown items, stealth, claws 1, fangs 3, see
invisible, carnivore 3, speed 1, shaggy fur 1, slow metabolism 1, sharp paws
a: no special abilities


You were on level 3 of the Dungeon.
You were not hungry.

You visited 1 branch of the dungeon, and saw 3 of its levels.

You collected 88 gold pieces.

Inventory:

Jewellery
 i - a cursed ring of loudness {unknown}
Scrolls
 d - a scroll of remove curse {unknown}
 e - a scroll of amnesia {unknown}
 f - a scroll of enchant weapon {unknown}
 g - a scroll of blinking {unknown}
 h - 2 scrolls of teleportation {unknown}
 j - a scroll of immolation {unknown}
 m - a scroll of recharging {unknown}
 o - a scroll of random uselessness {unknown}
Potions
 c - a potion of curing {unknown}
 k - 3 potions of heal wounds {unknown}
 l - a potion of resistance {unknown}
Books
 a - a book of Frost

   Spells                             Type                      Level
   a - Freeze                         Ice                          1
   b - Throw Frost                    Conjuration/Ice              2
   c - Ozocubu's Armour               Charms/Ice                   3
   d - Throw Icicle                   Conjuration/Ice              4
   e - Summon Ice Beast               Ice/Summoning                4
Comestibles
 b - a meat ration


   Skills:
 - Level 2.6 Dodging
 - Level 2.6 Stealth
 + Level 2.0 Spellcasting
 + Level 2.2 Conjurations
 - Level 4.0 Ice Magic


You couldn't memorise any spells.
You knew the following spells:

 Your Spells              Type           Power        Failure   Level  Hunger
a - Freeze                Ice            ###.         3%          1    #......
b - Throw Frost           Conj/Ice       ##....       10%         2    ###....
c - Ozocubu's Armour      Chrm/Ice       #.......     24%         3    ###....


Dungeon Overview and Level Annotations

Branches:
Dungeon (3/15)

Altars:


Innate Abilities, Weirdness & Mutations

You cannot wear armour.
You are incapable of wielding weapons or throwing items.
Your paws allow you to move quietly. (Stealth)
You have sharp claws.
You have razor-sharp teeth.
You have supernaturally acute eyesight. (SInv)
You are carnivorous and can eat meat at any time.
You cover ground quickly.
You are covered in fur. (AC +1)
You have a slow metabolism.
Your sharp claws are effective at attacking unaware monsters.


Message History

Casting: Throw Frost
Confirm with . or Enter, or press ? or * to list all spells.
Aiming: Throw Frost
Press: ? - help, Shift-Dir - straight line, f/p - orc
Aim: an orc, wielding a club and wearing a leather armour (lightly wounded)
The puff of frost hits the orc.
You kill the orc!
You now have 5/7 mp.
Casting: Throw Frost
Confirm with . or Enter, or press ? or * to list all spells.
Aiming: Throw Frost
Press: ? - help, Shift-Dir - straight line, f - orc priest
Aim: an orc priest, wielding a hand axe The puff of frost hits the orc priest.
The orc priest is heavily wounded.
The orc wizard shouts!
The orc priest mumbles some strange prayers to Beogh against you.
Beogh smites you!
Ouch! That really hurt!
You die...

#####...###.#####..#####.#
#..†....#...#..#####.####
#....o..o.#..............
##..##o.#...#..###.#.###.
#.....)#..##..###.#.###
##.###.#...............
#.###.#.###.........#
#.......###...#..#..##.
####..@().(.(.(........
#...#####..##.#..### #...#
#....... # #...# #####.###
#...# # .#
#######...#####.. ..
...............<. ..
.........)....... ..
.....[...........


You could see an orc priest and an orc wizard.

Vanquished Creatures
  2 adders
  A worm (D:2)
  2 dart slugs
  5 leopard geckos
  7 orcs (D:3)
  2 giant cockroaches
  5 goblins
  3 hobgoblins
  2 jackals (D:1)
  A ball python (D:1)
  3 bats
  4 frilled lizards
  5 kobolds
  4 rats
46 creatures vanquished.

Notes
Turn   | Place    | Note
-------+----------+-------------------------------------------
     0 | D:1      | Kikal the Felid Ice Elementalist began the quest for the Orb.
     0 | D:1      | Reached XP level 1. HP: 7/7 MP: 4/4
   131 | D:1      | Reached skill level 3 in Ice Magic
   180 | D:1      | Reached XP level 2. HP: 11/11 MP: 1/6
   234 | D:1      | Learned a level 2 spell: Throw Frost
   342 | D:1      | Reached skill level 1 in Conjurations
   497 | D:1      | You fall through a shaft!
  1071 | D:1      | Reached XP level 3. HP: 10/14 MP: 0/7
  1260 | D:2      | Learned a level 3 spell: Ozocubu's Armour
  2385 | D:3      | Reached XP level 4. HP: 15/18 MP: 1/8
  2586 | D:3      | Reached skill level 4 in Ice Magic
  2908 | D:3      | Killed from afar by an orc priest
  2909 | D:3      | Reached XP level 3. HP: -2/14 MP: 6/7
  2924 | D:3      | Killed from afar by an orc priest

Skill      XL: |  1  2  3  4 |
---------------+-------------+-----
Ice Magic      | 3 4 |  4.0
Conjurations   | 1 2 |  2.2
Dodging        | |  2.6
Stealth        | |  2.6
Spellcasting   | |  2.0

Action                   |  1- 3 |  4- 6 || total
-------------------------+-------+-------++-------
Melee: Unarmed           |    38 |     2 ||    40
       Bite              |     5 |       ||     5
 Cast: Freeze            |    39 |    11 ||    50
       Throw Frost       |    22 |     9 ||    31
 Stab: Sleeping          |     5 |       ||     5
       Distracted        |     1 |       ||     1
  Eat: Chunk             |    12 |     2 ||    14
Armor: Skin              |     2 |       ||     2
Dodge: Dodged            |    62 |    11 ||    73
